 Dungeon Crawl Stone Soup version 0.22.1-1-ga44c0e5 (webtiles) character file.

376 Loudmushroom the Covered (level 6, 0/39 HPs)
             Began as a Gargoyle Fighter on Sept 24, 2018.
             Was an Initiate of Okawaru.
             Slain by Duvessa
             ... wielding a +0 short sword
              (5 damage)
             ... on level 5 of the Dungeon.
             The game lasted 00:25:59 (3925 turns).

Loudmushroom the Covered (Gargoyle Fighter)         Turns: 3925, Time: 00:25:59

Health: 0/39       AC: 14    Str: 22    XL:     6   Next: 73%
Magic:  7/7        EV:  5    Int:  8    God:    Okawaru [......]
Gold:   253        SH:  9    Dex:  9    Spells: 5/5 levels left

rFire    . . .     SeeInvis .   a - +0 war axe
rCold    . . .     Gourm    .   c - +0 shield
rNeg     + . .     Faith    .   e - +0 chain mail
rPois    ∞         Spirit   .   (no helmet)
rElec    +         Reflect  .   (no cloak)
rCorr    .         Harm     .   (no gloves)
MR       .....                  (no boots)
Stlth    ..........             y - amulet of the acrobat
HPRegen  0.13/turn              (no ring)
MPRegen  0.10/turn              (no ring)

@: no status effects
A: negative energy resistance 1, electricity resistance, unbreathing,
petrification resistance, rot immunity, AC +4
a: Renounce Religion


You were on level 5 of the Dungeon.
You worshipped Okawaru.
Okawaru was noncommittal.
You were very hungry.

You visited 1 branch of the dungeon, and saw 6 of its levels.

You collected 253 gold pieces.

Inventory:

Hand Weapons
 a - a +0 war axe (weapon)
 w - a +0 morningstar
Missiles
 b - 5 curare-tipped needles
 j - 117 stones (quivered)
 p - 15 poisoned needles
Armour
 c - a +0 shield (worn)
 e - a +0 chain mail (worn)
Jewellery
 y - an amulet of the acrobat (around neck)
Wands
 s - a wand of digging (11)
 t - a wand of polymorph (14)
 C - a wand of flame (18)
Scrolls
 i - 2 scrolls of identify
 v - a scroll of remove curse
Potions
 d - 3 potions of might
 g - 2 potions of curing {unknown}
 k - 2 potions of brilliance {unknown}
 l - a potion of agility {unknown}
 o - 2 potions of lignification
 r - a potion of mutation {unknown}
 A - a potion of berserk rage {unknown}
 B - a potion of magic {unknown}
 E - a potion of flight {unknown}
Comestibles
 f - 11 rations


   Skills:
 + Level 4.4 Fighting
 * Level 4.0 Axes
 + Level 4.4 Armour
 + Level 4.4 Shields
 + Level 0.8 Invocations
 + Level 1.5 Evocations


You had 5 spell levels left.
You didn't know any spells.
Your spell library was empty.

Dungeon Overview and Level Annotations

Branches:
Dungeon (6/15)
 Temple: D:4-7

Altars:
Ashenzari
Elyvilon
Nemelex Xobeh
Okawaru
Sif Muna
Trog
Vehumet

Annotations:
D:3 2 runed doors, Folque's ghost, novice CeHu
D:5 Duvessa


Innate Abilities, Weirdness & Mutations

You are resistant to torment.
Your stone body is resilient. (AC +4)
You are immune to poison.
You resist negative energy. (rN+)
You are resistant to electric shocks. (rElec)
You can survive without breathing.
You are immune to petrification.
You are immune to rotting.


Message History

There is a stone staircase leading up here.
Duvessa closely misses you.
You climb upwards.
There is a stone staircase leading down here.
You hit Duvessa.
Duvessa is severely wounded.
Duvessa hits you with a short sword. Duvessa barely misses you.
You block Duvessa's attack.
You closely miss Duvessa.
Duvessa is severely wounded.
Duvessa hits you but does no damage. Duvessa hits you with a short sword!
Your chain mail prevents you from hitting Duvessa.
Duvessa is severely wounded.
Duvessa hits you with a short sword!
* * * LOW HITPOINT WARNING * * *
Duvessa barely misses you.
Your shield and chain mail prevent you from hitting Duvessa.
Duvessa is severely wounded.
Duvessa hits you with a short sword.
You die...

#......)#
###.###...##
#.....#..<.#
#.#.#.#....#
#.#........#
#.#.#.....##
#.........#
#.........#
#e@...#..##
#.....#.##
##.......#
#......<.##
#.........##
#..........#
#.........)#
#.#......#.#
#....[...#.#


You could see Duvessa (berserk).

Vanquished Creatures
  Dowan (D:6)
  A hound (D:5)
  Jessica (D:2)
  Natasha (thrice) (D:3)
  A worker ant (D:4)
  6 gnolls
  5 adders
  2 oozes
  3 worms
  A dart slug (D:2)
  3 leopard geckos
  2 orcs
  4 bats
  4 giant cockroaches
  2 goblins
  5 hobgoblins
  7 kobolds
  A ball python (D:1)
  3 frilled lizards
  4 rats
59 creatures vanquished.

Notes
Turn   | Place    | Note
-------+----------+-------------------------------------------
     0 | D:1      | Loudmushroom the Gargoyle Fighter began the quest for the
                  | Orb.
     0 | D:1      | Reached XP level 1. HP: 14/14 MP: 1/1
   237 | D:1      | Reached XP level 2. HP: 16/19 MP: 2/2
   528 | D:1      | Reached XP level 3. HP: 23/23 MP: 3/3
  1008 | D:2      | Found a white marble altar of Elyvilon.
  1024 | D:2      | Noticed Jessica
  1038 | D:2      | Killed Jessica
  1090 | D:2      | Reached XP level 4. HP: 20/29 MP: 4/4
  1918 | D:3      | Found a runed door.
  1924 | D:3      | Noticed Folque's ghost (novice CeHu)
  2150 | D:3      | Noticed Natasha
  2160 | D:3      | Killed Natasha
  2217 | D:3      | Reached XP level 5. HP: 30/33 MP: 5/5
  2653 | D:3      | Found a runed door.
  2737 | D:3      | Noticed Natasha
  2756 | D:3      | Killed Natasha
  2768 | D:3      | Noticed Natasha
  2857 | D:3      | Killed Natasha
  2857 | D:3      | Reached skill level 1 in Evocations
  3054 | D:4      | Found a shattered altar of Ashenzari.
  3057 | D:4      | Found a bloodstained altar of Trog.
  3060 | D:4      | Found a radiant altar of Vehumet.
  3064 | D:4      | Found a sparkling altar of Nemelex Xobeh.
  3183 | D:4      | Reached XP level 6. HP: 33/38 MP: 6/6
  3249 | D:4      | Found an iron altar of Okawaru.
  3377 | D:4      | Became a worshipper of Warmaster Okawaru
  3604 | D:4      | Found a deep blue altar of Sif Muna.
  3804 | D:5      | Entered Level 5 of the Dungeon
  3889 | D:6      | Noticed Duvessa
  3889 | D:6      | Noticed Dowan
  3912 | D:6      | Killed Dowan
  3925 | D:5      | Slain by Duvessa

Skill      XL: |  1  2  3  4  5  6 |
---------------+-------------------+-----
Axes           | 2 3 4 |  4.0
Fighting       | 4 |  4.4
Shields        | 4 |  4.4
Armour         | 4 |  4.4
Evocations     | 1 |  1.5
Invocations    | |  0.8

Action                   |  1- 3 |  4- 6 || total
-------------------------+-------+-------++-------
Melee: War axe           |    91 |   193 ||   284
  Use: Scroll            |       |     8 ||     8
  Eat: Chunk             |       |     9 ||     9
Armor: Chain mail        |    68 |   130 ||   198
Dodge: Dodged            |    21 |    46 ||    67
Block: Shield            |    41 |   109 ||   150
